[Event "Team 45 45 League T99"]
[Site "Internet Chess Club"]
[Date "2024.02.24"]
[Round "2"]
[White "Lawkeito"]
[Black "fileman"]
[Result "1/2-1/2"]
[WhiteElo "1730"]
[BlackElo "1779"]
[Opening "Budapest: Fajarowicz variation"]
[ECO "A51"]
[Time "13:08:56"]
[PlyCount "107"]
[TimeControl "2700+45"]

1. d4 Nf6 2. c4 e5 3. dxe5 Ne4 4. Nf3 d6 5. Nbd2 Bf5 6. Nxe4 Bxe4 7. e3 Nc6 8.
a3 dxe5 9. Qxd8+ Rxd8 10. Be2 Bxf3 11. Bxf3 Na5 12. b4 Nb3 13. Rb1 Nxc1 14. Rxc1
c6 15. Rc3 f5 16. e4 fxe4 17. Bxe4 Rd4 18. f3 g6 19. Ke2 Kd7 20. Rd1 b6 21. c5
bxc5 22. bxc5 Be7 23. Rxd4+ exd4 24. Rc4 Kc7 25. Kd3 Rb8 26. a4 Rb2 27. f4 Bf6
28. h3 Ra2 29. Bf3 h5 30. Be4 h4 31. Bf3 a5 32. Be4 Rb2 33. Bf3 Rf2 34. Rc2 Rxc2
35. Kxc2 Be7 36. Be4 Bxc5 37. Bxg6 Kd6 38. Kd3 Ke6 39. Be4 Kd6 40. Bf5 Bb6 41.
Kc4 c5 42. Be4 Bd8 43. Bg6 Bf6 44. Bf7 Bg7 45. Kd3 Ke7 46. Bc4 Kf6 47. Ke4 Bf8
48. Kf3 Kf5 49. Bd3+ Ke6 50. Bc4+ Kf5 51. Bd3+ Ke6 52. Bc4+ Kf5 53. Bd3+ Ke6 54.
Bc4+ {Game drawn by repetition} 1/2-1/2

[Event "Team 45 45 League T99"]
[Site "Internet Chess Club"]
[Date "2024.02.24"]
[Round "2"]
[White "MrAbendroth"]
[Black "manfredo"]
[Result "1-0"]
[WhiteElo "1631"]
[BlackElo "1501"]
[Opening "Ruy Lopez: Anderssen variation"]
[ECO "C77"]
[Time "13:00:57"]
[PlyCount "57"]
[TimeControl "2700+45"]

1. e4 e5 2. Nf3 Nc6 3. Bb5 a6 4. Ba4 Nf6 5. d3 b5 6. Bb3 Bc5 7. c3 d6 8. h3 h6
9. O-O O-O 10. Re1 Na5 11. Bc2 Bb6 12. Nbd2 c5 13. Nf1 Nh7 14. Ng3 Nc6 15. Be3
Ne7 16. Nh4 f5 17. Nhxf5 Nxf5 18. exf5 Bxf5 19. Nxf5 Rxf5 20. d4 Rf8 21. Qd3 Nf6
22. dxe5 dxe5 23. Qg6 Qe8 24. Qg3 Nh5 25. Qh4 Rf6 26. Qe4 c4 27. Qd5+ Kh8 28.
Bxb6 Rxb6 29. Rxe5 {Black resigns} 1-0

[Event "Team 45 45 League T99"]
[Site "Internet Chess Club"]
[Date "2024.02.23"]
[Round "2"]
[White "dalmata"]
[Black "LoseOften"]
[Result "0-1"]
[WhiteElo "1529"]
[BlackElo "1721"]
[Opening "Nimzo-Indian: Leningrad variation"]
[ECO "E30"]
[Time "13:01:01"]
[PlyCount "101"]
[TimeControl "2700+45"]

1. d4 Nf6 2. c4 e6 3. Nc3 Bb4 4. Bg5 h6 5. Bh4 O-O 6. Nf3 c5 7. e3 d6 8. Bd3
Nbd7 9. O-O cxd4 10. exd4 Bxc3 11. bxc3 b6 12. Re1 Qc7 13. Bg3 Ba6 14. Nd2 Rac8
15. Qa4 Bb7 16. Rab1 Nh5 17. Re3 Nxg3 18. Rxg3 e5 19. Qd1 Nf6 20. d5 Ba6 21. Rb4
Bb7 22. Ne4 Nxe4 23. Bxe4 f5 24. Bc2 Rb8 25. Qh5 Rf6 26. Bxf5 Rbf8 27. Rf3 a5
28. Rb2 Ba6 29. Be6+ Kh8 30. Rxf6 Rxf6 31. Qe8+ Kh7 32. Qc6 Qxc6 33. dxc6 Rxe6
34. Rxb6 Bc8 35. Rb8 Re8 36. Ra8 Bd7 37. Rxe8 Bxe8 38. c7 Bd7 39. f3 Kg6 40. Kf2
Kf5 41. Ke3 Ke6 42. f4 g6 43. g3 Bc8 44. Ke4 Bb7+ 45. Kd3 e4+ 46. Kd4 Kf5 47. h3
h5 48. Ke3 Ke6 49. c8=Q+ Bxc8 50. Kxe4 Bb7+ 51. Kd4 {White resigns} 0-1

[Event "Team 45 45 League T99"]
[Site "Internet Chess Club"]
[Date "2024.02.27"]
[Round "2"]
[White "Egmont"]
[Black "Megasus"]
[Result "0-1"]
[WhiteElo "1627"]
[BlackElo "1568"]
[Opening "Queen's pawn game"]
[ECO "A50"]
[Time "12:30:10"]
[PlyCount "84"]
[TimeControl "2700+45"]

1. d4 Nf6 2. c4 c6 3. Nf3 a6 4. g3 b5 5. Nbd2 d5 6. cxd5 cxd5 7. Bg2 Bb7 8. O-O
Nbd7 9. Nb3 Qb6 10. Bf4 e6 11. Rc1 Bd6 12. Qd2 Bxf4 13. Qxf4 O-O 14. Nc5 Nxc5
15. Rxc5 Rac8 16. b4 Ne4 17. Rxc8 Rxc8 18. Ne5 f6 19. Nd7 Qxd4 20. Bxe4 Qxe4 21.
Qxe4 dxe4 22. Nc5 Bd5 23. a3 a5 24. e3 axb4 25. axb4 Ra8 26. Rb1 f5 27. Kf1 Bc4+
28. Kg2 Ra2 29. Kg1 g5 30. Nd7 Kg7 31. Ne5 Bd5 32. Nd7 f4 33. gxf4 gxf4 34. Nc5
fxe3 35. fxe3 Re2 36. Ra1 Rxe3 37. Ra6 Kf6 38. Ra7 Rh3 39. Ra5 e3 40. Nd3 e2 41.
Ne1 Bc4 42. Ra1 Rb3 {White resigns} 0-1

[Event "Team 45 45 League T99"]
[Site "Internet Chess Club"]
[Date "2024.02.23"]
[Round "2"]
[White "fishhead"]
[Black "primerpaso"]
[Result "1-0"]
[WhiteElo "1826"]
[BlackElo "1809"]
[Opening "Sicilian: Najdorf, 7...Be7 main line"]
[ECO "B99"]
[Time "14:01:25"]
[PlyCount "87"]
[TimeControl "2700+45"]

1. e4 c5 2. Nf3 d6 3. d4 cxd4 4. Nxd4 Nf6 5. Nc3 a6 6. Bg5 e6 7. f4 Be7 8. Qf3
Qc7 9. O-O-O Nbd7 10. Bd3 Nc5 11. Rhe1 h6 12. Bh4 Nfxe4 13. Bxe7 Nxc3 14. bxc3
Kxe7 15. f5 e5 16. f6+ gxf6 17. Bf5 Be6 18. Nb3 Nxb3+ 19. cxb3 Bxf5 20. Qxf5
Rhg8 21. Rf1 Rg6 22. Qf3 Rc8 23. Kb2 Qc6 24. Rd5 Qd7 25. Rfd1 Rc6 26. g3 Qg4 27.
Qe3 Qd7 28. c4 Qc7 29. Qe4 b6 30. a4 Qd7 31. a5 Rg4 32. Qf3 Qe6 33. axb6 Rxb6
34. Qe3 Rc6 35. Qxh6 Re4 36. Qd2 f5 37. c5 dxc5 38. Qg5+ Qf6 39. Rd7+ Kf8 40.
Rd8+ Ke7 41. R1d7+ Ke6 42. Rd6+ Rxd6 43. Rxd6+ Kxd6 44. Qxf6+ {Black resigns}
1-0

[Event "Team 45 45 League T99"]
[Site "Internet Chess Club"]
[Date "2024.02.23"]
[Round "2"]
[White "Portola"]
[Black "QuieroAprender"]
[Result "0-1"]
[WhiteElo "1622"]
[BlackElo "1674"]
[Opening "Queen's pawn game, Darooha variation "]
[ECO "D02"]
[Time "20:19:05"]
[PlyCount "60"]
[TimeControl "2700+45"]

1. d4 d5 2. Nf3 Nf6 3. c3 c6 4. Bf4 Bf5 5. Nbd2 g6 6. e3 Nh5 7. Bxb8 Qxb8 8. Ne5
Ng7 9. g4 Be6 10. b4 f6 11. Nd3 Bd7 12. Nc5 e5 13. Ndb3 e4 14. a4 Ne6 15. Nxd7
Kxd7 16. h4 Bd6 17. Nc5+ Nxc5 18. bxc5 Bc7 19. Rb1 Ba5 20. Rb3 Rf8 21. Qb1 b6
22. Kd2 Qc7 23. h5 g5 24. Kc2 Rab8 25. c4 bxc5 26. dxc5 Rxb3 27. Qxb3 Rb8 28.
Qa2 Qe5 29. Qa3 Bb4 30. Qa2 Qc3+ {White resigns} 0-1

[Event "Team 45 45 League T99"]
[Site "Internet Chess Club"]
[Date "2024.02.24"]
[Round "2"]
[White "kabindra"]
[Black "ElValero"]
[Result "1-0"]
[WhiteElo "1698"]
[BlackElo "1616"]
[Opening "French: advance, Paulsen attack"]
[ECO "C02"]
[Time "13:00:30"]
[PlyCount "43"]
[TimeControl "2700+45"]

1. e4 e6 2. d4 d5 3. e5 c5 4. c3 Nc6 5. Nf3 Nge7 6. dxc5 Ng6 7. b4 Ngxe5 8. Nxe5
Nxe5 9. Bf4 Ng6 10. Bg3 a5 11. h4 h5 12. Bd3 Qf6 13. Bb5+ Bd7 14. Bxd7+ Kxd7 15.
Qa4+ Kd8 16. Qb5 axb4 17. Qb6+ Ke8 18. Qxb7 Qd8 19. Qc6+ Ke7 20. cxb4 e5 21. Nc3
d4 22. Nd5+ {Black resigns} 1-0

[Event "Team 45 45 League T99"]
[Site "Internet Chess Club"]
[Date "2024.02.24"]
[Round "2"]
[White "Gilguli"]
[Black "jfkingiii"]
[Result "1-0"]
[WhiteElo "1406"]
[BlackElo "1473"]
[Opening "Vienna: Paulsen-Mieses variation"]
[ECO "C26"]
[Time "15:02:00"]
[PlyCount "71"]
[TimeControl "2700+45"]

1. e4 e5 2. Nc3 Nf6 3. g3 d5 4. Bg2 d4 5. Nce2 d3 6. cxd3 Qxd3 7. f4 Bd6 8. f5
Nc6 9. Nh3 Nb4 10. Nf2 Nc2+ 11. Kf1 Ne3+ 12. dxe3 Qb5 13. Qd3 Qc6 14. Nc3 O-O
15. Qb5 Bd7 16. Qxc6 Bxc6 17. g4 h6 18. h4 Nd7 19. g5 h5 20. Bh3 b5 21. Ne2 Nc5
22. Bg2 Rfd8 23. Ng3 b4 24. Nxh5 Bb5+ 25. Kg1 Nd3 26. f6 g6 27. Ng3 Nxf2 28.
Kxf2 Bc5 29. h5 Rd7 30. hxg6 fxg6 31. Nf5 gxf5 32. exf5 Rf8 33. b3 Rh7 34. Rxh7
Kxh7 35. g6+ Kg8 36. Bd5+ {Black resigns} 1-0

[Event "Team 45 45 League T99"]
[Site "Internet Chess Club"]
[Date "2024.02.26"]
[Round "2"]
[White "VictorRed"]
[Black "jonesey"]
[Result "0-1"]
[WhiteElo "1635"]
[BlackElo "1834"]
[Opening "Pirc: classical (two knights) system"]
[ECO "B08"]
[Time "18:03:42"]
[PlyCount "46"]
[TimeControl "2700+45"]

1. d4 d6 2. e4 Nf6 3. Nc3 g6 4. Nf3 Bg7 5. Bd3 O-O 6. O-O Nbd7 7. Re1 e5 8. dxe5
Nxe5 9. Nxe5 dxe5 10. Bg5 h6 11. Bh4 c6 12. b3 Qc7 13. Qd2 Be6 14. Bxf6 Bxf6 15.
Qxh6 Qe7 16. Qe3 Kg7 17. Rad1 Rh8 18. f3 Rh7 19. g3 b5 20. Bf1 Bg5 21. Qd3 Qc5+
22. Kg2 Rd8 23. Nd5 Rxh2+ {White resigns} 0-1

[Event "Team 45 45 League T99"]
[Site "Internet Chess Club"]
[Date "2024.02.25"]
[Round "2"]
[White "Gojira"]
[Black "julesraider"]
[Result "1-0"]
[WhiteElo "1667"]
[BlackElo "1583"]
[Opening "King's Indian: Gligoric-Taimanov system"]
[ECO "E92"]
[Time "20:33:53"]
[PlyCount "79"]
[TimeControl "2700+45"]

1. d4 Nf6 2. Nf3 g6 3. c4 Bg7 4. Nc3 d6 5. e4 O-O 6. Be2 e5 7. Be3 Nc6 8. d5 Ne7
9. Nd2 Ne8 10. b4 f5 11. f3 Nf6 12. O-O f4 13. Bf2 g5 14. c5 h5 15. Nc4 Ng6 16.
Nb5 Ne8 17. cxd6 cxd6 18. Nbxd6 Nxd6 19. Nxd6 Rf6 20. Nxc8 Qxc8 21. Rc1 Qd7 22.
Qb3 Kh7 23. Rc3 Bf8 24. Rfc1 Bd6 25. Bc5 Rf7 26. a3 Kh6 27. Bxd6 Qxd6 28. Qa4
Qb6+ 29. Rc5 a5 30. Kf1 Rff8 31. Qb5 Qxb5 32. Rxb5 axb4 33. axb4 Rf7 34. d6 Rd7
35. Rb6 Rad8 36. Rd1 Nf8 37. Bb5 g4 38. Bxd7 Rxd7 39. Rc1 Ne6 40. Rc7 {Black
resigns} 1-0

[Event "Team 45 45 League T99"]
[Site "Internet Chess Club"]
[Date "2024.02.25"]
[Round "2"]
[White "vollmerj"]
[Black "Rookmaster"]
[Result "1/2-1/2"]
[WhiteElo "1571"]
[BlackElo "1518"]
[Opening "Réti opening"]
[ECO "A05"]
[Time "13:45:08"]
[PlyCount "65"]
[TimeControl "2700+45"]

1. Nf3 Nf6 2. g3 d6 3. Bg2 e5 4. d3 Nbd7 5. O-O c6 6. c4 Qc7 7. b4 Be7 8. Nc3 h6
9. b5 Nf8 10. bxc6 bxc6 11. a4 Ng6 12. Ba3 Bb7 13. Qc2 O-O 14. Rfb1 Rfb8 15. Nd2
Bc8 16. Rxb8 Rxb8 17. Rb1 Rxb1+ 18. Qxb1 Be6 19. Nde4 Qd7 20. Qb8+ Ne8 21. c5 d5
22. Nd6 Bxd6 23. cxd6 Kh7 24. Bc5 a6 25. e4 d4 26. Ne2 f6 27. f4 Nh8 28. f5 Bg8
29. g4 Nf7 30. h4 Nfxd6 31. Ng3 Nb7 32. Ba3 Bb3 33. g5 {Game drawn by mutual
agreement} 1/2-1/2

[Event "Team 45 45 League T99"]
[Site "Internet Chess Club"]
[Date "2024.02.24"]
[Round "2"]
[White "BlueStorm"]
[Black "isolani"]
[Result "0-1"]
[WhiteElo "1668"]
[BlackElo "1480"]
[Opening "Trompowsky attack (Ruth, Opocenský opening)"]
[ECO "A45"]
[Time "09:00:41"]
[PlyCount "48"]
[TimeControl "2700+45"]

1. d4 Nf6 2. Bg5 d5 3. Bxf6 gxf6 4. e3 Bf5 5. Nc3 e6 6. g3 Nc6 7. a3 a6 8. Bg2
Bg6 9. Nge2 Bh6 10. f4 Ne7 11. Qd2 Nf5 12. O-O-O Nd6 13. b3 Nb5 14. Nb1 Bf8 15.
b4 a5 16. c3 axb4 17. cxb4 Bxb1 18. Kxb1 Nxa3+ 19. Kc1 Nc4 20. Qd3 Ra3 21. Qb1
Qa8 22. Bxd5 exd5 23. Qf5 Ra1+ 24. Kc2 Nxe3+ {White resigns} 0-1

[Event "Team 45 45 League T99"]
[Site "Internet Chess Club"]
[Date "2024.02.26"]
[Round "2"]
[White "Tufnell"]
[Black "Alec-hine"]
[Result "1/2-1/2"]
[WhiteElo "1922"]
[BlackElo "1993"]
[Opening "French: Winawer, advance, Bogolyubov variation"]
[ECO "C17"]
[Time "13:00:26"]
[PlyCount "56"]
[TimeControl "2700+45"]

1. e4 e6 2. d4 d5 3. Nc3 Bb4 4. e5 c5 5. Bd2 Ne7 6. Nb5 Bxd2+ 7. Qxd2 O-O 8. f4
Bd7 9. dxc5 Bxb5 10. Bxb5 a5 11. a4 Nd7 12. Nf3 Nxc5 13. Nd4 Nc6 14. O-O Qb6 15.
Rad1 Ne4 16. Qe3 f6 17. exf6 Rxf6 18. c3 Nxd4 19. Qxd4 Qxd4+ 20. cxd4 Nd6 21.
Bd3 Rc8 22. g3 Rff8 23. Rc1 Rxc1 24. Rxc1 Rc8 25. Rxc8+ Nxc8 26. Kf2 Kf7 27. Kf3
Nd6 28. g4 h6 {Game drawn by mutual agreement} 1/2-1/2

[Event "Team 45 45 League T99"]
[Site "Internet Chess Club"]
[Date "2024.02.25"]
[Round "2"]
[White "timcent"]
[Black "Lawkeito"]
[Result "1/2-1/2"]
[WhiteElo "1923"]
[BlackElo "1738"]
[Opening "Nimzo-Indian: Kmoch variation"]
[ECO "E20"]
[Time "19:00:17"]
[PlyCount "114"]
[TimeControl "2700+45"]

1. d4 Nf6 2. c4 e6 3. Nc3 Bb4 4. f3 c5 5. d5 b5 6. e4 bxc4 7. Bxc4 O-O 8. Ne2 d6
9. O-O e5 10. Bg5 Nbd7 11. Ng3 Nb6 12. Be2 h6 13. Be3 a6 14. f4 exf4 15. Rxf4
Nbd7 16. Nh5 Nxh5 17. Bxh5 Ne5 18. Be2 Ra7 19. Qe1 f5 20. exf5 Bxf5 21. Rxb4
cxb4 22. Bxa7 bxc3 23. Qxc3 Qa8 24. Qd4 Qb7 25. a4 Ra8 26. Bb6 Rb8 27. a5 Nd7
28. Rf1 Bg6 29. Qg4 Kh7 30. Bd4 Qxd5 31. Bc3 Ne5 32. Qd4 Qxd4+ 33. Bxd4 Nd3 34.
Bxd3 Bxd3 35. Rf7 Rg8 36. Rd7 Bb5 37. Rxd6 Rf8 38. h4 h5 39. Kh2 Rf4 40. g3 Rf7
41. Rd5 Be2 42. Re5 Bg4 43. Kg2 Rf5 44. Re7 Rxa5 45. Rxg7+ Kh6 46. Ra7 Be2 47.
Kf2 Bc4 48. Ke3 Rf5 49. Ke4 Rf7 50. Ra8 Be2 51. Rh8+ Kg6 52. Rg8+ Kh7 53. Rg5
Rf8 54. Bc3 Rg8 55. Rxg8 Kxg8 56. Kf4 Kf7 57. Kg5 Ke6 {Game drawn by mutual
agreement} 1/2-1/2

[Event "Team 45 45 League T99"]
[Site "Internet Chess Club"]
[Date "2024.02.24"]
[Round "2"]
[White "VictorRed"]
[Black "trombone"]
[Result "0-1"]
[WhiteElo "1631"]
[BlackElo "1815"]
[Opening "Queen's pawn game"]
[ECO "D02"]
[Time "14:00:35"]
[PlyCount "120"]
[TimeControl "2700+45"]

1. d4 d5 2. Nf3 e6 3. g3 c5 4. Bg2 Nc6 5. O-O Nf6 6. Bg5 b6 7. c3 Be7 8. Ne5 Bb7
9. Nxc6 Bxc6 10. c4 O-O 11. cxd5 Nxd5 12. Bxe7 Qxe7 13. e4 Nf6 14. Nc3 cxd4 15.
Qxd4 Rfd8 16. Qe3 Qb4 17. Qe2 Rd7 18. a3 Qb3 19. f3 Rad8 20. Rfd1 g6 21. Rxd7
Rxd7 22. Rc1 Bb7 23. Bf1 Kg7 24. Qb5 Qxb5 25. Nxb5 a5 26. Rc2 Ne8 27. Kf2 Kf8
28. Ke3 Ke7 29. Nd4 Nc7 30. b4 axb4 31. axb4 e5 32. Nc6+ Kf6 33. f4 exf4+ 34.
gxf4 Ne6 35. Ne5 Rd1 36. Be2 Rb1 37. Nd7+ Ke7 38. Nxb6 Rxb4 39. Nd5+ Bxd5 40.
exd5 Nxf4 41. Rc7+ Kd6 42. Rxf7 Nxe2 43. Rxh7 Nf4 44. h4 Kxd5 45. Kf3 Ke5 46.
Re7+ Kf6 47. Ra7 Nh5 48. Ra6+ Kg7 49. Ra7+ Kh6 50. Ra6 Rf4+ 51. Kg2 Rxh4 52. Rb6
Rf4 53. Rc6 Rf6 54. Rc4 g5 55. Rb4 Rg6 56. Rg4 Nf4+ 57. Kf3 Kh5 58. Rg1 Nh3 59.
Rg4 Rf6+ 60. Kg2 Kxg4 {White forfeits on time} 0-1

[Event "Team 45 45 League T99"]
[Site "Internet Chess Club"]
[Date "2024.02.27"]
[Round "2"]
[White "DaveTheRook"]
[Black "fireball"]
[Result "1-0"]
[WhiteElo "1506"]
[BlackElo "1489"]
[Opening "King's Indian, 3.Nf3"]
[ECO "E90"]
[Time "18:30:48"]
[PlyCount "61"]
[TimeControl "2700+45"]

1. Nf3 Nf6 2. d4 g6 3. c4 Bg7 4. Nc3 O-O 5. e4 d6 6. h3 Nbd7 7. Be3 e5 8. d5 a6
9. Bd3 b6 10. O-O Bb7 11. Qd2 Ne8 12. Bg5 f6 13. Be3 c6 14. dxc6 Bxc6 15. Nd5
Bxd5 16. cxd5 f5 17. Bh6 f4 18. Bxg7 Nxg7 19. Rac1 b5 20. Rc2 Nc5 21. Rfc1 Ra7
22. Nxe5 Nxe4 23. Bxe4 dxe5 24. d6 Ne6 25. Qd5 Kf7 26. Rc7+ Rxc7 27. Rxc7+ Kf6
28. Rxh7 Ng5 29. Re7 Nf7 30. Qe6+ Kg7 31. Qxg6+ {Black resigns} 1-0

[Event "Team 45 45 League T99"]
[Site "Internet Chess Club"]
[Date "2024.02.24"]
[Round "2"]
[White "primerpaso"]
[Black "room-matt"]
[Result "0-1"]
[WhiteElo "1793"]
[BlackElo "1826"]
[Opening "English: Bremen, Smyslov system"]
[ECO "A21"]
[Time "13:00:58"]
[PlyCount "76"]
[TimeControl "2700+45"]

1. c4 e5 2. Nc3 Bb4 3. g3 Nf6 4. Bg2 Bxc3 5. bxc3 O-O 6. e4 Nc6 7. Ne2 d6 8. O-O
Be6 9. d3 Re8 10. f4 a6 11. Rb1 Rb8 12. h3 b5 13. f5 Bd7 14. cxb5 Rxb5 15. Rxb5
axb5 16. g4 h6 17. Ng3 Nh7 18. Be3 Qh4 19. Kh2 Ra8 20. Qd2 Ra3 21. Rf2 Qd8 22.
Nh5 Qb8 23. f6 g6 24. Ng3 b4 25. c4 g5 26. Bf1 Qc8 27. Nf5 Bxf5 28. Rxf5 Qa8 29.
Rf2 Qd8 30. Kg3 Nxf6 31. Rf5 Nd4 32. Rf2 Ne6 33. Kh2 c5 34. Be2 Nf4 35. h4 Qd7
36. hxg5 hxg5 37. Kg3 Kg7 38. Bxf4 Nxe4+ {White resigns} 0-1

[Event "Team 45 45 League T99"]
[Site "Internet Chess Club"]
[Date "2024.02.25"]
[Round "2"]
[White "bobhill"]
[Black "fishhead"]
[Result "0-1"]
[WhiteElo "1845"]
[BlackElo "1844"]
[Opening "King's Indian: Torre attack"]
[ECO "A48"]
[Time "12:01:09"]
[PlyCount "144"]
[TimeControl "2700+45"]

1. d4 Nf6 2. Nf3 g6 3. Bg5 Bg7 4. Nbd2 h6 5. Bh4 d6 6. e3 O-O 7. Bd3 Nbd7 8. O-O
c5 9. c3 a6 10. a4 b6 11. Qb3 Qc7 12. Bg3 Kh7 13. Rac1 Bb7 14. Rfe1 e5 15. Nh4
Nh5 16. Qc2 Nxg3 17. hxg3 f5 18. e4 f4 19. d5 fxg3 20. fxg3 Nf6 21. Be2 Rf7 22.
Rf1 Raf8 23. Ndf3 Nh5 24. Kh2 Bc8 25. Qd3 Qe7 26. Ng1 Nxg3 27. Qxg3 g5 28. Nf5
Bxf5 29. Rxf5 Rxf5 30. exf5 e4 31. Qg4 Qe5+ 32. Kh1 Qxf5 33. Qxf5+ Rxf5 34. c4
Kg6 35. b3 Be5 36. Nh3 Bg3 37. Rc3 Be5 38. Re3 g4 39. Ng1 Rh5+ 40. Rh3 gxh3 41.
Bxh5+ Kxh5 42. gxh3 Kg5 43. Ne2 h5 44. Kg2 h4 45. Kf2 Kf5 46. Ke3 a5 47. Kd2 Bd4
48. Kc2 Be3 49. Kc3 Ke5 50. Kc2 Bf2 51. Kd2 Kf5 52. Kc3 Be1+ 53. Kc2 Ke5 54. Kd1
Bb4 55. Kc2 Kf5 56. Kd1 e3 57. Ng1 Ke4 58. Ke2 Bc3 59. Nf3 Bf6 60. Ne1 Kd4 61.
Nc2+ Kc3 62. Nxe3 Kxb3 63. Kd3 Kxa4 64. Nf5 Kb3 65. Nxd6 a4 66. Nb5 a3 67. Nxa3
Kxa3 68. Ke4 Kb4 69. Kf5 Bd8 70. d6 Kxc4 71. Ke6 b5 72. Kd7 Ba5 {White resigns}
0-1

[Event "Team 45 45 League T99"]
[Site "Internet Chess Club"]
[Date "2024.02.26"]
[Round "2"]
[White "walkover"]
[Black "Beetlejuice"]
[Result "1-0"]
[WhiteElo "1739"]
[BlackElo "1677"]
[Opening "Dutch: Leningrad, main variation with c6"]
[ECO "A88"]
[Time "14:00:35"]
[PlyCount "65"]
[TimeControl "2700+45"]

1. d4 f5 2. g3 Nf6 3. Bg2 g6 4. Nf3 Bg7 5. O-O O-O 6. c4 d6 7. Nc3 c6 8. b3 Na6
9. Bb2 Qc7 10. d5 e5 11. dxe6 Bxe6 12. Ng5 Bd7 13. Qd2 Rad8 14. Rac1 h6 15. Nh3
Rfe8 16. b4 Be6 17. Nd5 Qf7 18. Nxf6+ Bxf6 19. Bxf6 Qxf6 20. Qxh6 Re7 21. a3
Rdd7 22. Nf4 Bf7 23. b5 cxb5 24. Nd5 Qe5 25. f4 Qg7 26. Nxe7+ Rxe7 27. Qxg7+
Kxg7 28. cxb5 Nc5 29. Rfd1 Rxe2 30. Rxd6 Ne4 31. Rd7 Ra2 32. Bxe4 fxe4 33. Rcc7
{Black resigns} 1-0

[Event "Team 45 45 League T99"]
[Site "Internet Chess Club"]
[Date "2024.02.21"]
[Round "2"]
[White "Megasus"]
[Black "Portola"]
[Result "1/2-1/2"]
[WhiteElo "1547"]
[BlackElo "1637"]
[Opening "Queen's pawn game"]
[ECO "D04"]
[Time "19:00:30"]
[PlyCount "129"]
[TimeControl "2700+45"]

1. Nf3 d5 2. d4 Nf6 3. e3 c6 4. Nbd2 Bf5 5. c3 h6 6. h3 e6 7. Ne5 Nbd7 8. f4
Nxe5 9. dxe5 Ne4 10. Nxe4 Bxe4 11. Rg1 g5 12. Qe2 gxf4 13. exf4 Rg8 14. g4 Qh4+
15. Qf2 Qxf2+ 16. Kxf2 Be7 17. Be3 f6 18. exf6 Bxf6 19. Ke2 b6 20. Bg2 Bh7 21.
Bf3 O-O-O 22. Rac1 c5 23. Rgd1 Rge8 24. Kf1 Bg7 25. a4 Bg8 26. b4 cxb4 27. cxb4+
Kb7 28. a5 Rc8 29. Be2 Rxc1 30. Rxc1 bxa5 31. bxa5 d4 32. Rb1+ Kc7 33. Rc1+ Kb8
34. Rb1+ Kc7 35. Bd2 Rb8 36. Rc1+ Kd8 37. a6 Bf7 38. Ba5+ Ke8 39. Bc7 Rb3 40.
Kg2 e5 41. Bf3 exf4 42. Bc6+ Kf8 43. Bd6+ Kg8 44. Bb7 Rc3 45. Rd1 d3 46. Bxf4
Bb3 47. Rd2 Bc4 48. Be3 Ra3 49. Kf3 Kf7 50. Ke4 Ra4 51. Bd5+ Bxd5+ 52. Kxd5 Rxa6
53. Kc4 Ra1 54. Rxd3 a6 55. h4 Ke6 56. g5 hxg5 57. hxg5 Ra4+ 58. Kb3 Ra5 59. Kb4
Rb5+ 60. Kc4 Re5 61. Bd4 Re4 62. Kc3 Bxd4+ 63. Rxd4 Rxd4 64. Kxd4 Kf5 65. Kc5
{Game drawn by mutual agreement} 1/2-1/2

[Event "Team 45 45 League T99"]
[Site "Internet Chess Club"]
[Date "2024.02.24"]
[Round "2"]
[White "Rookmaster"]
[Black "justice02"]
[Result "0-1"]
[WhiteElo "1515"]
[BlackElo "1594"]
[Opening "French: Two knights variation"]
[ECO "C00"]
[Time "21:00:20"]
[PlyCount "88"]
[TimeControl "2700+45"]

1. e4 e6 2. Nf3 d5 3. Nc3 dxe4 4. Nxe4 a6 5. d4 b5 6. Bd3 Bb7 7. O-O h6 8. Bf4
Nd7 9. Re1 Be7 10. Ne5 Ngf6 11. Nxf6+ Nxf6 12. c4 Qxd4 13. Ng6 bxc4 14. Qa4+ c6
15. Rad1 Qxb2 16. Nxe7 cxd3 17. Rb1 Qc3 18. Be5 Qc2 19. Qa5 d2 20. Red1 Rd8 21.
Qb4 Rd7 22. Bd6 Qe4 23. Qxd2 c5 24. f3 Qd4+ 25. Qxd4 cxd4 26. Rxd4 Rxd6 27. Rxd6
Kxe7 28. Rdb6 Bd5 29. Rxa6 Rc8 30. a4 Rc2 31. Ra1 g5 32. Ra7+ Kf8 33. Ra3 g4 34.
Ra5 h5 35. Rxd5 Nxd5 36. fxg4 hxg4 37. g3 f5 38. a5 Rc7 39. Rb3 Ra7 40. Ra3 Ke7
41. Kf2 e5 42. Ra1 Ke6 43. Ke2 e4 44. Kd2 Rh7 {White resigns} 0-1

[Event "Team 45 45 League T99"]
[Site "Internet Chess Club"]
[Date "2024.02.25"]
[Round "2"]
[White "nosir"]
[Black "BlueStorm"]
[Result "1-0"]
[WhiteElo "1442"]
[BlackElo "1634"]
[Opening "Queen's pawn: London system"]
[ECO "A45"]
[Time "11:03:36"]
[PlyCount "65"]
[TimeControl "2700+45"]

1. d4 Nf6 2. Bf4 c6 3. Nd2 Qb6 4. Nb3 d6 5. e3 Bf5 6. h3 Nbd7 7. Bd3 Bxd3 8.
Qxd3 O-O-O 9. Qf5 g6 10. Qa5 Bg7 11. Nf3 h6 12. c3 g5 13. Bh2 Rhe8 14. Nfd2 Qxa5
15. Nxa5 e5 16. Ndc4 Nb6 17. dxe5 dxe5 18. Nxe5 Nfd5 19. Nxf7 Rd7 20. Nd6+ Rxd6
21. Bxd6 Nxc3 22. O-O Ne4 23. Ba3 Nd5 24. Rac1 Kc7 25. Rfd1 Ne7 26. Nc4 Nd5 27.
Rxd5 cxd5 28. Nd6+ Kd7 29. Nxe8 Kxe8 30. Rc7 Bf6 31. Rxb7 d4 32. exd4 Bxd4 33.
Re7+ {Black resigns} 1-0

[Event "Team 45 45 League T99"]
[Site "Internet Chess Club"]
[Date "2024.02.23"]
[Round "2"]
[White "trogers41"]
[Black "herrahuu"]
[Result "0-1"]
[WhiteElo "1454"]
[BlackElo "1372"]
[Opening "Caro-Kann: advance variation"]
[ECO "B12"]
[Time "10:00:15"]
[PlyCount "80"]
[TimeControl "2700+45"]

1. e4 c6 2. d4 d5 3. e5 Bf5 4. Nf3 e6 5. Bd3 Bxd3 6. Qxd3 c5 7. c3 Nd7 8. O-O
Ne7 9. Bg5 h6 10. Bxe7 Bxe7 11. Nbd2 O-O 12. Rfe1 a6 13. a4 b5 14. axb5 c4 15.
Qe2 axb5 16. b4 Nb6 17. Nf1 Na4 18. Qc2 Ra6 19. Ra3 Qb6 20. Rea1 Rfa8 21. Ne3
Qb7 22. h4 R8a7 23. g4 Qa8 24. g5 hxg5 25. Nxg5 Bxg5 26. hxg5 g6 27. Ng4 Nb6 28.
Nf6+ Kg7 29. Rxa6 Rxa6 30. Rxa6 Qxa6 31. Qc1 Qc8 32. Qe3 Qh8 33. Qg3 Na4 34. f4
Nb2 35. Qh2 Qxh2+ 36. Kxh2 Nd1 37. Kg3 Nxc3 38. Kf3 Na2 39. Ne8+ Kf8 40. Nc7 c3
{White resigns} 0-1

[Event "Team 45 45 League T99"]
[Site "Internet Chess Club"]
[Date "2024.02.26"]
[Round "2"]
[White "ElValero"]
[Black "manfredo"]
[Result "1-0"]
[WhiteElo "1627"]
[BlackElo "1490"]
[Opening "Neo-Grünfeld defense"]
[ECO "D70"]
[Time "13:01:06"]
[PlyCount "33"]
[TimeControl "2700+45"]

1. d4 Nf6 2. Nf3 g6 3. c4 d5 4. cxd5 Nxd5 5. e4 Nb6 6. Bb5+ c6 7. Be2 Bg7 8. h3
O-O 9. O-O h6 10. Nc3 N8d7 11. Be3 Nf6 12. Qd2 Kh7 13. Rad1 Be6 14. Ne5 Nfd7 15.
Nxd7 Qxd7 16. b3 a5 17. d5 {Black resigns} 1-0

[Event "Team 45 45 League T99"]
[Site "Internet Chess Club"]
[Date "2024.02.24"]
[Round "2"]
[White "dalmata"]
[Black "isolani"]
[Result "1/2-1/2"]
[WhiteElo "1527"]
[BlackElo "1482"]
[Opening "King's Indian: Smyslov system"]
[ECO "E61"]
[Time "16:00:19"]
[PlyCount "53"]
[TimeControl "2700+45"]

1. d4 Nf6 2. c4 g6 3. Nc3 Bg7 4. Nf3 d6 5. Bg5 h6 6. Bh4 Nc6 7. e3 Bf5 8. Bxf6
exf6 9. e4 Bg4 10. h3 Bxf3 11. gxf3 f5 12. d5 Nd4 13. Qd3 O-O 14. Ne2 Qf6 15.
Nxd4 Qxd4 16. Qxd4 Bxd4 17. Bd3 Bxb2 18. Rb1 Bc3+ 19. Ke2 fxe4 20. fxe4 b6 21.
f4 Bd4 22. Bc2 Rae8 23. Kd3 Bc5 24. Ba4 Re7 25. Rbe1 Kg7 26. h4 h5 27. Re2 {Game
drawn by mutual agreement} 1/2-1/2